 Dungeon Crawl Stone Soup version 0.21-a0-496-g696f58f (webtiles) character file.

1447 noon the Cleaver (level 8, 0/74 HPs)
             Began as a Hill Orc Monk on Nov 23, 2017.
             Killed from afar by Dowan (19 damage)
             ... with a shard of ice
             ... on level 4 of the Dungeon.
             The game lasted 00:35:11 (5242 turns).

noon the Cleaver (Hill Orc Monk)                    Turns: 5242, Time: 00:35:12

Health: 0/74       AC: 14    Str: 16    XL:     8   Next: 75%
Magic:  8/8        EV: 10    Int: 10    God:
Gold:   260        SH:  5    Dex: 13    Spells: 7/7 levels left

rFire    + . .     SeeInvis .   a - +1 hand axe
rCold    . . .     Gourm    .   (no shield)
rNeg     . . .     Faith    .   s - +0 scale mail
rPois    .         Spirit   .   u - +0 helmet
rElec    .         Reflect  +   (no cloak)
rCorr    .         Harm     .   A - +2 pair of gloves
MR       .....                  l - +0 pair of boots
Stlth    ..........             m - +5 amulet of reflection
HPRegen  0.22/turn              y - ring of protection from fire
MPRegen  0.11/turn              t - +1 ring of protection

@: lethally poisoned (0 -> -6), glowing
A: no striking features
a: no special abilities


You were on level 4 of the Dungeon.
You were not hungry.

You visited 1 branch of the dungeon, and saw 5 of its levels.
You also visited: Sewer.

You collected 260 gold pieces.

Inventory:

Hand Weapons
 a - a +1 hand axe (weapon)
Missiles
 e - 39 arrows
 g - 6 needles of sleeping
 j - 30 bolts
 o - 56 stones (quivered)
 r - 41 sling bullets
 x - 16 poisoned needles
 B - 7 poisoned javelins
 E - 8 curare-tipped needles
Armour
 l - a +0 pair of boots (worn)
 s - a +0 scale mail (worn)
 u - a +0 helmet (worn)
 A - a +2 pair of gloves (worn)
Jewellery
 m - a +5 amulet of reflection (around neck)
 p - an uncursed ring of fire
 t - a +1 ring of protection (right hand)
 y - a ring of protection from fire (left hand)
 C - an uncursed ring of wizardry
Scrolls
 h - 3 scrolls of teleportation
 i - a scroll of immolation
 k - 3 scrolls of identify
 n - 2 scrolls of remove curse
 q - a scroll of blinking
 D - a scroll of magic mapping
Potions
 d - a potion of haste
 f - 5 potions of curing
 z - a potion of flight
Comestibles
 c - 3 bread rations
 v - a meat ration
 w - a royal jelly


   Skills:
 + Level 8.1 Fighting
 + Level 8.8 Axes
 + Level 6.6 Armour
 - Level 2.4 Dodging
 - Level 1.5 Stealth


You had 7 spell levels left.
You didn't know any spells.

Dungeon Overview and Level Annotations

Branches:
Dungeon (5/15)
 Temple: D:4-7

Altars:
Yredelemnul

Annotations:
D:3 vineage's ghost, amateur GrFi
D:4 Dowan


Message History

Okay, then.
You feel better. Dowan hits you but does no damage.
You are poisoned.
Dowan hits you but does no damage.
You are more poisoned.
You barely miss Dowan.
Dowan is moderately wounded.
You feel sick. Dowan casts a spell at you. The stone arrow hits you!
* * * LOW HITPOINT WARNING * * *
You hit Dowan but do no damage.
Dowan is moderately wounded.
You feel sick. You block Dowan's attack.
You slash Dowan!
Dowan is severely wounded.
You feel sick.
Dowan points at you and mumbles some strange words.
The shard of ice hits you!
You die...

#.############....# #.######
#............#....# #.......
############.###### ######## #
#[# #.. #.# #.. #.# ######### #..
#.# ##.......## #..
##'###.).#####.######..
#.....@.##...##........
#....e..#.....#.####..#
#.......#.....###..##..
##.####.#)..)[##....#.. #.#
#.##...÷#'...)#.# #.#
##.#####÷##..##.# #.#
##....#'#####..#
#.######...##.##....##
############..........')..#.....'


You could see Dowan.

Vanquished Creatures
  The ghost of anet the Magician, an amateur DEWz (D:4)
  Menkaure (D:4)
  Edmund (D:4)
  Duvessa (D:4)
  A phantom (D:4)
  An ogre (D:4)
  A big kobold (Sewer)
  2 scorpions (D:4)
  A howler monkey (D:4)
  A crimson imp (D:4)
  3 hounds (D:4)
  A bullfrog skeleton (D:4)
  An orc wizard (D:4)
  Jessica (D:2)
  An iguana (D:4)
  Natasha (thrice) (D:3)
  2 worker ants (D:4)
  A hound zombie (D:5)
  Robin (D:3)
  6 adders
  An ooze (D:4)
  An adder skeleton (D:4)
  A worm (D:2)
  5 dart slugs
  4 leopard geckos
  8 orcs
  2 bats (D:3)
  6 giant cockroaches
  14 goblins
  13 hobgoblins
  10 jackals
  10 kobolds
  2 quokkas
  2 ball pythons
  A ball python skeleton (D:4)
  4 frilled lizards
  2 gnoll zombies (D:2)
  A leopard gecko skeleton (D:4)
  A quokka skeleton (D:4)
  13 rats
132 creatures vanquished.

Notes
Turn   | Place    | Note
-------+----------+-------------------------------------------
     0 | D:1      | noon the Hill Orc Monk began the quest for the Orb.
     0 | D:1      | Reached XP level 1. HP: 19/19 MP: 1/1
    75 | D:1      | Reached skill level 1 in Armour
    78 | D:1      | Reached XP level 2. HP: 11/27 MP: 2/2
   674 | D:1      | Reached XP level 3. HP: 31/33 MP: 3/3
  1444 | D:2      | Reached XP level 4. HP: 29/40 MP: 4/4
  1723 | D:2      | Noticed Jessica
  1731 | D:2      | Killed Jessica
  1731 | D:2      | Reached skill level 5 in Axes
  1755 | D:2      | Found a basalt altar of Yredelemnul.
  2044 | D:3      | Reached XP level 5. HP: 45/47 MP: 5/5
  2049 | D:3      | Noticed vineage's ghost (amateur GrFi)
  2638 | D:3      | Noticed Natasha
  2647 | D:3      | Killed Natasha
  2695 | D:3      | Noticed Robin
  2703 | D:3      | Reached skill level 5 in Fighting
  2713 | D:3      | Killed Robin
  2875 | D:3      | Noticed Natasha
  2885 | D:3      | Killed Natasha
  2962 | D:3      | Noticed Natasha
  2967 | D:3      | Killed Natasha
  2967 | D:3      | Reached XP level 6. HP: 56/56 MP: 6/6
  3315 | D:4      | Found a glowing drain.
  3343 | Sewer    | Entered a sewer
  3466 | Sewer    | Found a white marble altar of Elyvilon.
  3587 | D:4      | Noticed Menkaure
  3595 | D:4      | Killed Menkaure
  3595 | D:4      | Reached XP level 7. HP: 46/63 MP: 7/7
  4061 | D:4      | Noticed Edmund
  4084 | D:4      | Killed Edmund
  4084 | D:4      | Reached skill level 5 in Armour
  4400 | D:4      | Reached XP level 8. HP: 71/73 MP: 8/8
  4412 | D:4      | Noticed anet's ghost (amateur DEWz)
  4441 | D:4      | Killed anet's ghost
  5161 | D:5      | Entered Level 5 of the Dungeon
  5193 | D:5      | Noticed Duvessa
  5193 | D:5      | Noticed Dowan
  5238 | D:4      | Killed Duvessa
  5242 | D:4      | Killed from afar by Dowan

Vault maps used:
D:1:      zelgadis_glass_arrival_small
D:2:      lemuel_zombie_altar_yredelemnul, uniq_jessica
D:3:      uniq_natasha, uniq_robin
D:4:      portal_sewer_entry_d, first_bread, minmay_joined_circles,
          uniq_menkaure, uniq_edmund
D:5:      minmay_temple_entry_enclosed_plants, uniq_duvessa
Sewer:    sewer_kobolds

Skill      XL: |  1  2  3  4  5  6  7  8 |
---------------+-------------------------+-----
Armour         | 1 2 3 4 5 6 |  6.6
Fighting       | 4 5 6 7 8 |  8.1
Axes           | 5 6 7 8 |  8.8
Dodging        | |  2.4
Stealth        | |  1.5

Action                   |  1- 3 |  4- 6 |  7- 9 || total
-------------------------+-------+-------+-------++-------
Melee: Hand axe          |   126 |   272 |   238 ||   636
  Use: Scroll            |       |     9 |     2 ||    11
       Potion            |       |     6 |     4 ||    10
 Stab: Sleeping          |     1 |       |       ||     1
       Confused          |       |       |     1 ||     1
  Eat: Chunk             |     2 |     7 |     6 ||    15
Armor: Robe              |    15 |       |       ||    15
       Scale mail        |     6 |   130 |   108 ||   244
Dodge: Dodged            |    75 |   124 |    92 ||   291
Block: Other             |       |       |    16 ||    16

Table legend:
 A = Spawn XP
 B = Non-spawn XP
 C = Spawn XP percentage of total XP
 D = Spawn monster count
 E = Non-spawn monster count
 F = Spawn count percentage of total count
 G = Total turns spent on level
                    A         B        C        D         E        F      G
               +---------+---------+-------+---------+---------+-------+---------
         Total |       0 |    2068 |   0.0 |       0 |     132 |   0.0 |  5242
               +---------+---------+-------+---------+---------+-------+---------
           D:1 |       0 |      56 |   0.0 |       0 |      26 |   0.0 |  1262
           D:2 |       0 |      94 |   0.0 |       0 |      19 |   0.0 |  1281
           D:3 |       0 |     190 |   0.0 |       0 |      37 |   0.0 |   718
           D:4 |       0 |    1589 |   0.0 |       0 |      37 |   0.0 |  1724
           D:5 |       0 |      23 |   0.0 |       0 |       2 |   0.0 |    67
         Sewer |       0 |     116 |   0.0 |       0 |      11 |   0.0 |   190
               +---------+---------+-------+---------+---------+-------+---------
